 Dungeon Crawl Stone Soup version 0.25-a0-338-ge4dd1522aa (webtiles) character file.

Game seed: 9383837371237346961, levelgen mode: deterministic

10914 Essalna the Spear-Bearer (level 11, -12/81 HPs)
             Began as a Merfolk Skald on Dec 27, 2019.
             Was a Believer of Hepliaklqana.
             Killed from afar by Josephine (33 damage)
             ... with a ghostly fireball
             ... on level 1 of the Orcish Mines on Dec 28, 2019.
             The game lasted 00:59:00 (14006 turns).

Essalna the Spear-Bearer (Merfolk Skald)           Turns: 14006, Time: 00:59:01

Health: -12/81     AC: 13    Str: 16    XL:     11   Next: 69%
Magic:  15/15      EV: 15    Int: 16    God:    Hepliaklqana [**....]
Gold:   915        SH:  4    Dex: 13    Spells: 7/16 levels left

rFire    . . .     SeeInvis .   a - +1 spear (pierce)
rCold    . . .     Gourm    .   F - +0 buckler
rNeg     . . .     Faith    .   f - +0 ring mail
rPois    .         Spirit   .   l - +0 helmet
rElec    .         Reflect  .   (no cloak)
rCorr    .         Harm     .   (no gloves)
MR       .....                  k - +1 pair of boots
Stlth    +.........             (no amulet)
HPRegen  0.23/turn              K - +4 ring of intelligence
MPRegen  0.14/turn              t - +5 ring of protection

@: heavily drained
A: change form in water, swift swim, stealthy swim, reduced essence
a: Recall Ancestor, Ancestor Identity, Renounce Religion


You were on level 1 of the Orcish Mines.
You worshipped Hepliaklqana.
Hepliaklqana was pleased with you.
You were not hungry.

You visited 3 branches of the dungeon, and saw 12 of its levels.
You also visited: Sewer, Ossuary and Ice Cave.

You collected 915 gold pieces.

Inventory:

Hand Weapons
 a - a +1 spear of piercing (weapon)
 J - a +0 glaive
 M - a +0 halberd
Armour
 b - a +0 leather armour
 f - a +0 ring mail (worn)
 j - a cursed +0 leather armour
 k - a +1 pair of boots (worn)
 l - a +0 helmet (worn)
 r - the +2 robe of the Carpenter {rPois rF+ Int+4 Dex-5}
   (You found it on level 10 of the Dungeon)

   It affects your intelligence (+4).
   It affects your dexterity (-5).
   It protects you from fire.
   It protects you from poison.
 F - a +0 buckler (worn)
Jewellery
 e - an uncursed amulet of rage {unknown}
 m - an uncursed ring of wizardry
 t - a +5 ring of protection (right hand)
 H - an uncursed ring of stealth
 K - a +4 ring of intelligence (left hand)
Wands
 y - a wand of iceblast (10)
 A - a wand of disintegration (10)
 D - a wand of flame (39)
 G - a wand of paralysis (12)
Scrolls
 h - a scroll of teleportation
 o - 2 scrolls of amnesia
 q - 4 scrolls of magic mapping
 w - 2 scrolls of fog
 z - 3 scrolls of remove curse
 E - 3 scrolls of enchant weapon
Potions
 c - 6 potions of flight
 g - 2 potions of invisibility
 i - 8 potions of brilliance
 n - 3 potions of magic
 u - 6 potions of curing
 v - 6 potions of mutation
 x - 2 potions of lignification
 B - 2 potions of agility
Comestibles
 d - 23 rations


   Skills:
 + Level 9.7(7.0) Fighting
 + Level 12.2(9.3) Polearms
 - Level 1.0(0.0) Armour
 + Level 11.4(8.5) Dodging
 - Level 4.0(1.6) Shields
 - Level 3.2(0.8) Spellcasting
 + Level 4.6(2.2) Hexes
 + Level 7.9(5.3) Charms
 - Level 3.0(0.7) Necromancy


You had 7 spell levels left.
You knew the following spells:

 Your Spells              Type           Power        Failure   Level  Hunger
a - Infusion              Chrm           ###.         7%          1    ##.....
b - Regeneration          Chrm/Necr      ##........   47%         3    ####...
c - Shroud of Golubria    Chrm/Tloc      #.....       30%         2    ###....
d - Spectral Weapon       Hex/Chrm       ##......     36%         3    ####...

Your spell library contained the following spells:

 Spells                   Type           Power        Failure   Level  Hunger
 Song of Slaying          Chrm           ###.....     11%         2    ###....
 Beastly Appendage        Tmut           #.....       52%         1    ##.....
 Sticks to Snakes         Tmut           #.......     67%         2    ###....
 Spider Form              Tmut/Pois      #.........   88%         3    ####...
 Ice Form                 Ice/Tmut       #.......     99%         4    #####..
 Blade Hands              Tmut           #.........   100%        5    ######.


Dungeon Overview and Level Annotations

Branches:
Dungeon (10/15)            Temple (1/1) D:7             Orc (1/2) D:9
  Sewer (visited)         Ossuary (visited)           IceCv (visited)
   Lair: D:8-11

Altars:
Elyvilon
Fedhas
Gozag
Hepliaklqana
Kikubaaqudgha
Okawaru
Ru
Wu Jian
Xom
Zin

Shops:
D:10 ??(

Annotations:
D:9 1 runed translucent door, exclusion: orange crystal statue
Orc:1 Josephine


Message History

You feel yourself speed up.
You start resting.
Ferran emerges from the mists of memory!
You start resting.
Josephine is too close now for your liking.
Josephine is nearby!
What are your orders? t - Shout!
Orders for allies: a - Attack new target. r - Retreat! s - Stop attacking. g - Guard the area. f - Follow me.
Anything else - Cancel.
Gang up on whom?
Press: ? - help, Dir - move target cursor, f - Josephine
Aim: Josephine, wielding a +0 dagger, wearing a +0 robe and carrying a wand of digging (1) (heavily wounded) Attack!
Josephine gestures at you while chanting.
The ghostly flame explodes!
The ghostly fireball engulfs you!!
You feel drained.
You die...

#.....####.#####.#.....
##.#..# ##.## #........
#.....# #...# ##.......
##....###+#'###.##.....
#...............#......
##......................
#.....##................
##.....###.............#
##.....@#...............
#......R.#..............
##........@....##.#..#..
#................))..##.
#...........W....))).#..
##..>................##.
##............###.#.....
#.............##...#....
#..............#...#...#


You could see the friendly Ferran the hexer, Josephine and a wraith.

Vanquished Creatures
  A death yak (D:9)
  Sonja (Orc:1)
  2 ice devils (Orc:1)
  3 hornets (D:9)
  A hippogriff (D:7)
  Eustachio (D:4)
  Grum (D:9)
  3 yaks (D:10)
  2 wraiths (Orc:1)
  A soldier ant (D:9)
  6 orc warriors
  3 ice beasts
  A sky beast (D:9)
  A hornet zombie (D:8)
  A phantom (D:4)
  An ogre (Orc:1)
  4 wolves
  3 centaurs
  A necrophage (D:6)
  5 elf zombies (Ossuary)
  14 bullfrogs
  3 scorpions
  2 killer bees (D:10)
  3 howler monkeys
  2 electric eels (D:9)
  6 crimson imps
  2 bullfrog zombies
  4 centaur zombies (Ossuary)
  4 orc priests
  3 hounds
  3 human zombies (Ossuary)
  A bullfrog skeleton (D:7)
  Terence (D:2)
  An iguana (D:3)
  6 orc wizards
  Natasha (thrice) (D:4)
  7 worker ants
  A hound zombie (D:7)
  3 mummies (Ossuary)
  22 adders
  3 river rats
  5 shadow imps
  3 white imps (D:9)
  An ufetubus (D:9)
  3 oozes
  An adder zombie (D:6)
  2 adder skeletons
  2 worms
  3 dart slugs (D:1)
  6 leopard geckos
  29 orcs
  9 ball pythons
  9 bats
  6 giant cockroaches
  5 goblins
  7 hobgoblins
  3 jackals (D:1)
  4 quokkas
  A ball python zombie (D:5)
  7 frilled lizards
  2 jackal skeletons
  7 kobolds
  2 leopard gecko skeletons
  A quokka skeleton (D:7)
  37 rats
291 creatures vanquished.

Vanquished Creatures (collateral kills)
  Erica (D:9)
  An orc high priest (Orc:1)
  A warg (Orc:1)
  3 orc warriors
  An ice beast (D:7)
  2 bullfrogs
  A killer bee (D:10)
  A howler monkey (D:8)
  A crimson imp (D:8)
  2 hounds
  2 orc wizards
  A white imp (D:9)
  An adder zombie (D:7)
  5 orcs
23 creatures vanquished.

Vanquished Creatures (others)
  A human (D:2)
  3 ancestors
  6 hexers
  3 spectral weapons
13 creatures vanquished.

Grand Total: 327 creatures vanquished

Notes
Turn   | Place    | Note
-------+----------+-------------------------------------------
     0 | D:1      | Essalna the Merfolk Skald began the quest for the Orb.
     0 | D:1      | Reached XP level 1. HP: 16/16 MP: 3/3
   187 | D:1      | Reached XP level 2. HP: 23/23 MP: 0/5
   196 | D:1      | Reached skill level 1 in Armour
   613 | D:1      | Reached XP level 3. HP: 24/28 MP: 2/6
  1129 | D:2      | Reached skill level 4 in Polearms
  1137 | D:2      | Reached XP level 4. HP: 31/35 MP: 1/7
  1370 | D:2      | Found an ancient bone altar of Kikubaaqudgha.
  1423 | D:2      | Noticed a human
  1426 | D:2      | Killed a human
  1622 | D:2      | Noticed Terence
  2008 | D:2      | Found an iron altar of Okawaru.
  2206 | D:2      | Killed Terence
  2206 | D:2      | Reached XP level 5. HP: 22/42 MP: 1/8
  2412 | D:3      | Reached skill level 5 in Polearms
  2889 | D:3      | Found a glowing drain.
  2900 | Sewer    | Entered a sewer
  3027 | Sewer    | Reached skill level 5 in Dodging
  3027 | Sewer    | Reached XP level 6. HP: 48/48 MP: 4/9
  3485 | Sewer    | Reached skill level 6 in Polearms
  3501 | Sewer    | Reached XP level 7. HP: 22/55 MP: 1/10
  3984 | D:3      | Reached skill level 5 in Fighting
  3996 | D:3      | Found a faded altar of an unknown god.
  4062 | D:4      | Found a sacrificial altar of Ru.
  4162 | D:4      | HP: 2/56 [poisoned by a worker ant]
  4170 | D:4      | HP: 2/56 [poisoned by a worker ant]
  4578 | D:4      | Noticed Natasha
  4591 | D:4      | Killed Natasha
  4726 | D:4      | Noticed Natasha
  4734 | D:4      | Killed Natasha
  4786 | D:4      | Noticed Natasha
  4792 | D:4      | Killed Natasha
  4827 | D:4      | Noticed Eustachio
  4874 | D:4      | Killed Eustachio
  4874 | D:4      | Reached skill level 7 in Polearms
  4874 | D:4      | Reached XP level 8. HP: 60/63 MP: 2/12
  4880 | D:4      | Learned a level 3 spell: Regeneration
  4883 | D:4      | Learned a level 2 spell: Shroud of Golubria
  5225 | D:5      | Entered Level 5 of the Dungeon
  5330 | D:5      | Found a sand-covered staircase.
  5338 | Ossuary  | Entered an ossuary
  5525 | Ossuary  | Reached skill level 8 in Polearms
  5647 | Ossuary  | Reached skill level 5 in Charms
  6259 | D:5      | Reached XP level 9. HP: 64/71 MP: 13/13
  6429 | D:6      | Reached skill level 1 in Necromancy
  6522 | D:6      | Reached skill level 9 in Polearms
  6781 | D:6      | Found a glowing silver altar of Zin.
  6886 | D:6      | Found a white marble altar of Elyvilon.
  7993 | D:7      | Reached skill level 10 in Polearms
  8164 | D:7      | Found a staircase to the Ecumenical Temple.
  8175 | Temple   | Entered the Ecumenical Temple
  8199 | Temple   | Became a worshipper of Hepliaklqana the Forgotten
  8347 | D:7      | Reached XP level 10. HP: 58/72 MP: 0/14
  9055 | D:7      | Upgraded the game from 0.25-a0-317-g5f8687bca5 to
                  | 0.25-a0-338-ge4dd1522aa
  9103 | D:7      | Learned a level 3 spell: Spectral Weapon
  9290 | D:8      | Reached * piety under Hepliaklqana
  9319 | D:8      | Reached skill level 1 in Hexes
  9324 | D:8      | Reached skill level 10 in Dodging
  9795 | D:8      | Reached skill level 1 in Shields
  9902 | D:9      | Found a runed translucent door.
  9918 | D:9      | Found a runed translucent door.
  9929 | D:9      | Found a runed translucent door.
  9938 | D:9      | Noticed Erica
  9960 | D:9      | Killed Erica
  9960 | D:9      | Reached skill level 11 in Polearms
 10176 | D:9      | Found a staircase to the Orcish Mines.
 10186 | D:9      | Found an ornate altar of the Wu Jian Council.
 10186 | D:9      | Found a blossoming altar of Fedhas.
 10187 | D:9      | Found a shimmering altar of Xom.
 10187 | D:9      | Found an opulent altar of Gozag.
 10207 | D:9      | Found a runed translucent door.
 10294 | D:9      | Noticed Grum
 10302 | D:9      | Noticed a death yak
 11243 | D:9      | Killed a death yak
 11243 | D:9      | Reached XP level 11. HP: 49/80 MP: 6/15
 11405 | D:9      | Killed Grum
 11422 | D:9      | Paralysed by a hornet for 2 turns
 11430 | D:9      | Paralysed by a hornet for 1 turns
 11458 | D:9      | Paralysed by a hornet for 1 turns
 11459 | D:10     | Entered Level 10 of the Dungeon
 11729 | D:10     | Got a dull robe
 11743 | D:10     | Identified the +2 robe of the Carpenter {rPois rF+ Int+4
                  | Dex-5} (You found it on level 10 of the Dungeon)
 11788 | D:10     | Reached ** piety under Hepliaklqana
 11789 | D:10     | Remembered your ancestor Ferran as a hexer
 11796 | D:10     | Found Resi Xibb's Weapon Shop.
 12090 | D:10     | Found Unib's Magic Scroll Boutique.
 12202 | D:10     | Found Cout Gineg's Magic Scroll Shoppe.
 12212 | D:10     | Noticed a death yak
 12216 | D:10     | Noticed a death yak
 12217 | D:10     | Noticed a death yak
 12470 | D:9      | Noticed an orange crystal statue
 13096 | Orc:1    | Entered Level 1 of the Orcish Mines
 13096 | Orc:1    | Noticed Sonja
 13129 | Orc:1    | Killed Sonja
 13330 | Orc:1    | Noticed an orc high priest
 13336 | Orc:1    | Reached skill level 12 in Polearms
 13352 | Orc:1    | Noticed a soul eater
 13360 | Orc:1    | Killed an orc high priest
 13442 | Orc:1    | Found a frozen archway.
 13497 | IceCv    | Entered an ice cave
 13913 | Orc:1    | Noticed Josephine
 14006 | Orc:1    | Killed from afar by Josephine

Levels and vault maps discovered:
D:1:      matt_arrival_grand_opening, layout_basic, skrybe_limestone_x
D:2:      layout_basic, nicolae_overflow_hidden_temple, first_ration,
          tgw_kikubaaqudgha, uniq_terence
D:3:      layout_rooms, portal_sewer_entry_b, chequers_ecumenical_altar_lobes,
          grunt_ministairs_13, minmay_misc_feat_diagonals, chequers_big_river
D:4:      layout_basic, nicolae_ru_great_annihilating_truth, uniq_eustachio,
          uniq_natasha
D:5:      layout_loops_ring, nicolae_ossuary_entry_ruins
D:6:      layout_gridville, elyvilon_altar_3, zin_academy, dk_noncrumbling_2,
          minmay_misc_feat_cross
D:7:      layout_gridville, minmay_temple_entry_antechambers
D:8:      layout_cave_pools, special_room [special_room_orc]
D:9:      layout_irregular_city, chequers_temple_overflow_statue_of_worship,
          orc_0_dummy, serial_ice, serial_ice_j, serial_ice_h, serial_ice_g,
          serial_ice_m, hangedman_pestilent_swarm, minmay_statue_crystal_thing,
          uniq_grum, uniq_erica
D:10:     layout_cave_pods, dpeg_lair_monsters, serial_shops,
          kennysheep_little_box, shop, shop, shop, nicolae_shop_crystal,
          uniq_urug
Temple:   minmay_temple_curvy_branch
Orc:1:    layout_caves, portal_ice_cave_demonic_guard, uniq_sonja,
          uniq_josephine

Skill      XL: |  1  2  3  4  5  6  7  8  9 10 11 |
---------------+----------------------------------+-----
Dodging        | 3 4 5 6 7 9 10 11 | 11.4
Armour         | 1 |  1.0
Fighting       | 3 4 5 6 8 9 |  9.7
Polearms       | 4 5 6 7 8 10 11 12 | 12.2
Charms         | 4 5 7 |  7.9
Spellcasting   | 3 |  3.2
Necromancy     | 3 |  3.0
Hexes          | 3 4 |  4.6
Shields        | 3 4 |  4.0

Action                   |  1- 3 |  4- 6 |  7- 9 | 10-12 || total
-------------------------+-------+-------+-------+-------++-------
Melee: Spear             |   118 |   319 |   801 |   769 ||  2007
       Tailslap          |       |     5 |     2 |       ||     7
 Cast: Infusion          |     6 |    15 |    29 |    22 ||    72
       Regeneration      |       |       |     3 |    10 ||    13
       Shroud of Golubri |       |       |     2 |    16 ||    18
       Spectral Weapon   |       |       |       |    13 ||    13
Invok: Ancestor Identity |       |       |     2 |       ||     2
       Recall Ancestor   |       |       |       |     4 ||     4
       Ancestor Life: He |       |       |       |     1 ||     1
  Use: Scroll            |       |     6 |     9 |    16 ||    31
       Potion            |       |     3 |       |     9 ||    12
 Stab: Sleeping          |     1 |       |       |       ||     1
       Paralysed         |       |       |     2 |       ||     2
       Distracted        |       |       |       |     7 ||     7
       Confused          |       |       |       |     4 ||     4
  Eat: Chunk             |       |     9 |    14 |    10 ||    33
       Ration            |       |       |     1 |     4 ||     5
Armor: Leather armour    |    13 |       |       |       ||    13
       Ring mail         |     2 |    85 |   179 |   159 ||   425
Dodge: Dodged            |    45 |   193 |   297 |   406 ||   941
Block: Buckler           |       |       |       |    79 ||    79

Table legend:
 A = Non-vault XP
 B = Vault XP
 C = Vault XP percentage of total XP
 D = Non-vault monster count
 E = Vault monster count
 F = Vault count percentage of total count
                 A         B        C        D         E       F
            +---------+---------+-------+---------+---------+-------
      Total |    8144 |    7448 |  47.8 |     197 |     117 |  37.3
            +---------+---------+-------+---------+---------+-------
        D:1 |      62 |       0 |   0.0 |      31 |       0 |   0.0
        D:2 |      94 |      36 |  27.7 |      16 |       1 |   5.9
        D:3 |      39 |      88 |  69.3 |      10 |       9 |  47.4
        D:4 |     265 |     292 |  52.4 |      10 |       6 |  37.5
        D:5 |     274 |       0 |   0.0 |      12 |       0 |   0.0
        D:6 |    1309 |       0 |   0.0 |      21 |       0 |   0.0
        D:7 |    1621 |       0 |   0.0 |      34 |       0 |   0.0
        D:8 |     954 |     464 |  32.7 |      21 |      16 |  43.2
        D:9 |     579 |    3495 |  85.8 |       8 |      17 |  68.0
       D:10 |    1274 |       0 |   0.0 |      18 |       0 |   0.0
      Orc:1 |    1673 |    1870 |  52.8 |      16 |       5 |  23.8
      Sewer |       0 |     363 | 100.0 |       0 |      48 | 100.0
    Ossuary |       0 |     840 | 100.0 |       0 |      15 | 100.0
            +---------+---------+-------+---------+---------+-------
